 Dungeon Crawl Stone Soup version 0.28.0-47-ge53b351184 (webtiles) character file.

Game seed: 538520754633673714

74 Zeld the Insei (level 4, 0/29 HPs)
             Began as an Octopode Transmuter on May 10, 2022.
             Slain by an adder (4 damage)
             ... on level 2 of the Dungeon.
             The game lasted 00:01:42 (1715 turns).

Zeld the Insei (Octopode Transmuter)                Turns: 1715, Time: 00:01:43

Health: 0/29       AC:  1    Str: 11    XL:     4   Next: 30%
Magic:  7/7        EV: 13    Int: 15    God:
Gold:   39         SH:  0    Dex: 12    Spells: 2/8 levels left

rFire   . . .      SeeInvis .     - Unarmed
rCold   . . .      Faith    .   (no shield)
rNeg    . . .      Spirit   .   (helmet restricted)
rPois   .          Reflect  .   (no amulet)
rElec   .          Harm     .   (no ring)
rCorr   .          Rampage  .   (no ring)
Will    .....                   (no ring)
Stlth   +++.......              (no ring)
HPRegen 0.09/turn               (no ring)
MPRegen 0.10/turn               (no ring)
                                (no ring)
                                (no ring)

@: no status effects
A: almost no armour, amphibious, 8 rings, camouflage 1, gelatinous body 1,
(nimble swimmer 1), tentacles
a: no special abilities


You were on level 2 of the Dungeon.
You visited 1 branch of the dungeon, and saw 2 of its levels.

You collected 39 gold pieces.

Inventory:

Scrolls
 b - a scroll of silence {unknown}
Potions
 a - a potion of lignification {unknown}


   Skills:
 * Level 1.9 Fighting
 + Level 2.3 Dodging
 + Level 1.6 Stealth
 + Level 3.2 Unarmed Combat
 * Level 2.5 Spellcasting
 * Level 2.6 Transmutations
 + Level 0.4 Poison Magic


You had 2 spell levels left.
You knew the following spells:

 Your Spells              Type           Power      Damage    Failure   Level
a - Beastly Appendage     Tmut           18%        N/A       7%          1
b - Wereblood             Tmut           9%         N/A       11%         2
c - Spider Form           Tmut/Pois      6%         N/A       32%         3

Your spell library contained the following spells:

 Spells                   Type           Power      Damage    Failure   Level
 Ice Form                 Ice/Tmut       5%         N/A       77%         4


Dungeon Overview and Level Annotations

Branches:
Dungeon (2/15)

Altars:

Shops:
D:1 *

Annotations:
D:2 Natasha


Innate Abilities, Weirdness & Mutations

You cannot wear most types of armour.
You are amphibious.
You can wear up to eight rings at the same time.
Your skin changes colour to match your surroundings (Stealth+).
Your rubbery body absorbs attacks. (AC +1, EV +1)
((You are camouflaged when in or above water. (Stealth+)))
You have tentacles for arms and can constrict up to eight enemies at once.


Message History

You constrict Jessica, but do no damage.
Jessica shouts, "You're disturbing me!
I'll have to kill you!" Jessica closely misses you.
There are monsters nearby!
You barely miss Jessica.
You pierce Jessica.
Your squeeze misses Jessica.
Jessica is heavily wounded.
You constrict Jessica.
Jessica hits you with a +2 dagger of speed.
A kobold comes into view. It is wielding a +0 short sword.
Jessica casts a spell.
Jessica blinks free!
Natasha casts a spell at you. The magic dart hits you!
* * * LOW HITPOINT WARNING * * *
Jessica mumbles some strange words.
Jessica blinks!
You tentacle-slap Jessica but do no damage.
You grab Jessica.
You pierce Jessica.
You kill Jessica!
You have reached level 4!
You open the door.
The kobold throws a stone.
The stone hits you.
* * * LOW HITPOINT WARNING * * *
Natasha casts a spell at you. You resist with some effort.
The kobold throws a stone.
The stone barely misses you.
There is an open door here.
Natasha mumbles some strange words.
As you close the door, it creaks loudly!
Your tentacle spike disappears.
Natasha, Servant of Life and Death opens the door.
Found a stone staircase leading up.
Natasha howls an incantation.
Natasha's front paws start to glow.
The crimson imp blinks!
Found a stone staircase leading down.
An endoplasm comes into view.
An adder comes into view.
Found a stone staircase leading up.
The adder closely misses you. x2
The adder bites you.
You die...

........#######...#+##
....J..........').....##
..........######........
...###....# #..†...5..#
..........# #....h.....
..........## #........##
<..........# #..........
.....#hS..# #.......###
######@...# ##...K....
#.>...............
..................
#.......... #..........
#.......... #.........
#...##...#


You could see Natasha and an adder.

Vanquished Creatures
  Jessica (D:2)
  An adder (D:2)
  A gnoll (D:1)
  2 ball pythons (D:1)
  2 giant cockroaches (D:1)
  2 goblins (D:1)
  6 hobgoblins (D:1)
  2 jackals (D:1)
  5 quokkas
  2 frilled lizards (D:1)
  3 rats (D:1)
27 creatures vanquished.

Notes
Turn   | Place    | Note
-------+----------+-------------------------------------------
     0 | D:1      | Zeld the Octopode Transmuter began the quest for the Orb.
     0 | D:1      | Reached XP level 1. HP: 13/13 MP: 3/3
   781 | D:1      | Reached XP level 2. HP: 15/18 MP: 3/5
   890 | D:1      | Reached skill level 1 in Stealth
  1047 | D:1      | Found Xuutihet's Assorted Antiques.
  1072 | D:1      | Reached XP level 3. HP: 23/23 MP: 4/6
  1075 | D:1      | Learned a level 2 spell: Wereblood
  1079 | D:1      | Learned a level 3 spell: Spider Form
  1689 | D:2      | Noticed Jessica
  1695 | D:2      | Noticed Natasha
  1699 | D:2      | Killed Jessica
  1700 | D:2      | Reached XP level 4. HP: 4/29 MP: 7/7
  1715 | D:2      | Slain by an adder

Illustrated notes

Levels and vault maps discovered:
D:1:      dpeg_arrival_chambers_temple_mockup, layout_rooms, serial_shops,
          nicolae_shop_statue_plus
D:2:      layout_basic, hellmonk_ecumenical_altar_zigzags, uniq_natasha,
          uniq_jessica

Skill      XL: |  1  2 |
---------------+-------+-----
Stealth        | 1 |  1.6
Fighting       | |  1.9
Dodging        | |  2.3
Unarmed Combat | |  3.2
Spellcasting   | |  2.5
Transmutations | |  2.6
Poison Magic   | |  0.4

Action                   |  1- 3 |  4- 6 || total
-------------------------+-------+-------++-------
Melee: Unarmed           |    60 |       ||    60
       Constrict         |    21 |       ||    21
       Kick              |    17 |       ||    17
       Tentacles         |     6 |       ||     6
 Cast: Beastly Appendage |    17 |       ||    17
 Stab: Sleeping          |     4 |       ||     4
Dodge: Dodged            |    40 |     3 ||    43
